 Dungeon Crawl Stone Soup version 0.26-a0-597-gb535b0901c (webtiles) character file.

Game seed: 713721839445258921

(classic levelgen) 27 EnegeticOcto the Shield-Bearer (level 2, 27/27 HPs)
             Began as a Deep Dwarf Fighter on Aug 28, 2020.
             Was a Follower of Vehumet.
             Quit the game on level 2 of the Dungeon.
             The game lasted 00:00:23 (586 turns).

EnegeticOcto the Shield-Bearer (Deep Dwarf Fighter)  Turns: 586, Time: 00:00:23

Health: 27/27      AC:  9    Str: 19    XL:     2   Next: 93%
Magic:  2/2        EV:  5    Int:  8    God:    Vehumet [*.....]
Gold:   40         SH:  9    Dex: 12    Spells: 1/1 levels left

rFire    . . .     SeeInvis .   a - +0 war axe
rCold    . . .     Faith    .   c - +0 kite shield
rNeg     . . .     Spirit   .   f - +0 chain mail
rPois    .         Reflect  .   (no helmet)
rElec    .         Harm     .   (no cloak)
rCorr    .                      (no gloves)
MR       .....                  (no boots)
Stlth    ..........             (no amulet)
HPRegen  0.00/turn              (no ring)
MPRegen  0.08/turn              (no ring)

@: non-regenerating
A: damage resistance, heal wounds, sense surroundings 1, no regeneration
a: Heal Wounds, Renounce Religion


You were on level 2 of the Dungeon.
You worshipped Vehumet.
Vehumet was aware of your devotion.
You visited 1 branch of the dungeon, and saw 2 of its levels.

You collected 40 gold pieces.

Inventory:

Hand Weapons
 a - a +0 war axe (weapon)
Armour
 b - a +0 scale mail
 c - a +0 kite shield (worn)
 f - a +0 chain mail (worn)
Scrolls
 e - a scroll of teleportation {unknown}
 g - a scroll of noise {unknown}
Potions
 d - a potion of might {@q3}
 h - a potion of magic {unknown}
 i - a potion of stabbing {unknown}


   Skills:
 + Level 2.9 Fighting
 * Level 3.0 Axes
 + Level 3.5 Armour
 + Level 3.5 Shields


You had one spell level left.
You didn't know any spells.
Your spell library was empty.

Dungeon Overview and Level Annotations

Branches:
Dungeon (2/15)

Altars:
Vehumet


Innate Abilities, Weirdness & Mutations

You are resistant to damage.
You can heal yourself by infusing magical energy.
You passively map a small area around you.
You do not regenerate.


Message History

No target in view!
No target in view!
No target in view!
(D) Dungeon
Where to? (Enter - D:2, ? - help)
There is a stone staircase leading down here.
You climb downwards.
An adder and a kobold come into view.
The kobold shouts!
The adder hisses angrily.
You hear a shout!
Found a scroll labeled XERGHEK ZICWIRENUG and a hand axe.
There is a stone staircase leading up here.
There are monsters nearby!
You closely miss the kobold. The kobold hits you but does no damage.
You barely miss the kobold. You block the kobold's attack.
A kobold comes into view.
It is wielding a +2 short sword of electrocution.
You hit the kobold.
You kill the kobold!
The adder bites you.
You barely miss the adder. You block the adder's attack.
The adder bites you but does no damage.
You hit the adder.
The adder is moderately wounded.
You block the adder's attack. The adder bites you but does no damage.
A rat comes into view.
You barely miss the adder.
The adder is moderately wounded.
You block the adder's attack. x2
You miss the adder.
The adder is moderately wounded.
You barely miss the kobold. The kobold hits you but does no damage.
You are electrocuted!!
Ouch! That really hurt!
* * * LOW HITPOINT WARNING * * *
You block the adder's attack. You block the kobold's attack.
You are too injured to fight recklessly!
You are too injured to fight recklessly!
You are too injured to fight recklessly!
You are too injured to fight recklessly!
You are too injured to fight recklessly!
You are too injured to fight recklessly!
You are too injured to fight recklessly!
You are too injured to fight recklessly!
You are too injured to fight recklessly!
You are too injured to fight recklessly!
You are too injured to fight recklessly!
You are too injured to fight recklessly!
You feel much better. You block the adder's attack.
The kobold hits you but does no damage. The adder bites you.
You are poisoned.
The adder poisons you!
You hit the adder.
The adder is severely wounded.
You slash the kobold!
You kill the kobold!
The adder bites you but does no damage. You block the adder's attack.
You miss the adder.
The adder is severely wounded.
The adder bites you but does no damage.
You slash the adder!
You kill the adder!
Your Axes skill increases to level 3!
You block the rat's attack.
You hit the rat.
You kill the rat!
No target in view!
No target in view!
No target in view!
No target in view!
No target in view!
No target in view!
No target in view!
No target in view!
No target in view!
No target in view!
No target in view!
No target in view!
No target in view!
No target in view!
Found a faded altar of an unknown god.
Things that are here:
a +2 short sword of electrocution; a rat corpse; a kobold corpse
There is a stone staircase leading up here.
A kobold comes into view. It is wielding a +0 club.
You are no longer poisoned.
The kobold shouts!
An adder comes into view.
The kobold moves out of view.
The adder hisses angrily.
Found 21 stones.
There is a faded altar of an unknown god here.
You cannot tell which god this altar belongs to.
Convert to them anyway?
Okay, then.
Unknown command.
Press < or > to pray at altars.
You cannot tell which god this altar belongs to.
Convert to them anyway?
Vehumet accepts your prayer! Vehumet welcomes you!
You can now gain magical power from killing.
Vehumet offers you knowledge of Freeze.
Are you sure you want to abandon this character and quit the game? (Confirm with "yes".)

, # #. .# *, * * ,
#..#. #.#,#.# ..##..#.
#.#.#.#
(.....#.##.#.#.#
.........#.#.#.#
#............#.#######*
...K..#.............. *
#..#.#..###.....### **
#.@.#...<........ *, *
#..#.#.....)#.?....
*#...#...#.....#...# *
#.......#..........
#..#.####....#.....
....#., ........... *
##...# ,..#.#...#...,
#.., .....#..)#... *
,###...*...# .. *


You could see a kobold.

Vanquished Creatures
  An adder (D:2)
  2 bats (D:1)
  2 giant cockroaches (D:1)
  3 goblins (D:1)
  A hobgoblin (D:1)
  A frilled lizard (D:1)
  6 kobolds
  A rat (D:2)
17 creatures vanquished.

Notes
Turn   | Place    | Note
-------+----------+-------------------------------------------
     0 | D:1      | EnegeticOcto the Deep Dwarf Fighter began the quest for the
                  | Orb.
     0 | D:1      | Reached XP level 1. HP: 20/20 MP: 1/1
   157 | D:1      | Reached XP level 2. HP: 24/27 MP: 2/2
   577 | D:2      | Found a faded altar of an unknown god.
   585 | D:2      | Became a worshipper of Vehumet
   585 | D:2      | Reached * piety under Vehumet
   585 | D:2      | Offered knowledge of Freeze by Vehumet.
   586 | D:2      | Quit the game

Illustrated notes

Levels and vault maps discovered:
D:1:      dpeg_arrival_rooms_with_view, layout_basic
D:2:      layout_basic, old_standard_altar, makhleb_grotto_becter,
          chequers_ecumenical_altar_simple_redux, uniq_sigmund

Skill      XL: |  1  2 |
---------------+-------+-----
Axes           | 3 |  3.0
Fighting       | |  2.9
Armour         | |  3.5
Shields        | |  3.5

Action                   || total
-------------------------++-------
Melee: War axe           ||    45
 Abil: Heal Wounds       ||     1
Armor: Scale mail        ||     4
       Chain mail        ||    19
Dodge: Dodged            ||     7
Block: Kite shield       ||    33

Table legend: (Time is in decaauts)
 A = Elapsed time spent in this place.
 B = Non-inter-level travel time spent in this place.
 C = Inter-level travel time spent in this place.
 D = Time resting spent in this place.
 E = Time spent auto-exploring this place.
 F = Levels seen in this place.
 G = Mean time per level.
                   A        B        C        D        E       F      G
               +--------+--------+--------+--------+--------+-----+--------+
         Total |    606 |    504 |    102 |      0 |    363 |   2 |  303.0 |
       Dungeon |    606 |    504 |    102 |      0 |    363 |   2 |  303.0 |
               +--------+--------+--------+--------+--------+-----+--------+

Top non-repeatable levels by time:
     D:1: 578 daAuts
     D:2: 27 daAuts
